 Dungeon Crawl Stone Soup version 0.28.0-53-g5a82cb258f (webtiles) character file.

Game seed: 8000905485545198613

50 styxcanada the Sneak (level 3, 0/18 HPs)
             Began as a Spriggan Brigand on May 22, 2022.
             Succumbed to a scorpion's poison
             ... on level 2 of the Dungeon.
             The game lasted 00:04:16 (1370 turns).

styxcanada the Sneak (Spriggan Brigand)             Turns: 1370, Time: 00:04:17

Health: 0/18       AC:  3    Str:  7    XL:     3   Next: 55%
Magic:  4/4        EV: 17    Int: 12    God:
Gold:   23         SH:  0    Dex: 18    Spells: 2/2 levels left

rFire   . . .      SeeInvis +   a - +2 dagger
rCold   . . .      Faith    .   l - orb {mayhem}
rNeg    . . .      Spirit   .   b - +0 robe
rPois   .          Reflect  .   (helmet restricted)
rElec   .          Harm     .   c - +0 cloak
rCorr   .          Rampage  .   (gloves unavailable)
Will    .....                   (boots unavailable)
Stlth   ++++......              (no amulet)
HPRegen 0.06/turn               (no ring)
MPRegen 0.09/turn               (no ring)

@: lethally poisoned (0 -> -4), very quick
A: very small, no large weapons, unfitting armour, see invisible, speed 3
a: no special abilities


You were on level 2 of the Dungeon.
You visited 1 branch of the dungeon, and saw 2 of its levels.

You collected 23 gold pieces.

Inventory:

Hand Weapons
 a - a +2 dagger (weapon)
Missiles
 d - 9 poisoned darts (quivered)
 e - 2 curare-tipped darts
 h - 42 stones
Armour
 b - a +0 robe (worn)
 c - a +0 cloak (worn)
 l - an orb of mayhem (worn)
Scrolls
 f - 3 scrolls of identify {unknown}
Potions
 g - a potion of heal wounds {unknown}
 i - a potion of cancellation {unknown}
 j - 2 potions of invisibility {unknown}
 k - a potion of mutation {unknown}


   Skills:
 * Level 2.0 Fighting
 + Level 2.5 Short Blades
 + Level 2.0 Throwing
 * Level 2.2 Dodging
 * Level 7.1 Stealth


You had 2 spell levels left.
You didn't know any spells.
Your spell library was empty.

Dungeon Overview and Level Annotations

Branches:
Dungeon (2/15)

Altars:


Innate Abilities, Weirdness & Mutations

You are very small and have problems with some larger weapons.
You are too small for most types of armour.
You have supernaturally acute eyesight. (SInv)
You cover ground extremely quickly. (Speed+++)


Message History

You enter the shallow water.
Moving in this stuff is going to be slow.
Things that are here:
a +0 dagger; a kobold corpse You enter the shallow water.
Moving in this stuff is going to be slow.
Things that are here:
a +0 short sword; a +0 leather armour; an orc corpse
There is a large open door here.
You see here a hobgoblin skeleton.
Things that are here:
a +0 club; a +0 ring mail; an orc corpse
Found a stone staircase leading up.
Found a shiny orb.
Found a stone staircase leading down.
There is a stone staircase leading up here.
You see here an orb of mayhem.
l - an orb of mayhem You start putting on your armour.
You continue putting on your orb of mayhem. x4
You finish putting on your orb of mayhem.
A scorpion comes into view.
Found an escape hatch in the ceiling.
There is an escape hatch in the ceiling here.
The scorpion stings you!
You are poisoned.
The scorpion poisons you!
You hit the scorpion but do no damage.
You feel sick. The scorpion completely misses you.
You hit the scorpion.
The scorpion is lightly wounded.
You feel sick. The scorpion stings you.
* * * LOW HITPOINT WARNING * * *
You closely miss the scorpion.
The scorpion is lightly wounded.
* * * LOW HITPOINT WARNING * * *
You feel sick.
The scorpion stings you but does no damage.
* * * LOW HITPOINT WARNING * * *
You feel sick.
You die...

##.#####.#..#.......<...# #
##........#..............#
.......#..##.#......####.##
##..##.# .##.#......##.....
#..#..#..##........##.#.###
#........#####...#.##.#.#
#.##.##.# #...#......#
##.......# #...####.###
.......### #.@.#......#
.......########........#.#
.###...#........s.<......#
.....#...................#
.##.###.....................
.##..#..#######..........#.#
.......## #........#.#.#
......## #...######.# .
####.## #...# #


You could see a scorpion.

Vanquished Creatures
  2 adders (D:2)
  3 orcs (D:2)
  4 bats (D:1)
  2 endoplasms (D:1)
  A giant cockroach (D:1)
  4 goblins (D:1)
  2 hobgoblins
  A kobold (D:2)
  A quokka (D:2)
  3 frilled lizards (D:1)
  3 rats (D:1)
26 creatures vanquished.

Vanquished Creatures (others)
  A plant (D:1)
1 creature vanquished.

Grand Total: 27 creatures vanquished

Notes
Turn   | Place    | Note
-------+----------+-------------------------------------------
     0 | D:1      | styxcanada the Spriggan Brigand began the quest for the
                  | Orb.
     0 | D:1      | Reached XP level 1. HP: 10/10 MP: 2/2
   156 | D:1      | Reached skill level 6 in Stealth
   370 | D:1      | Reached XP level 2. HP: 15/15 MP: 3/3
  1051 | D:2      | Reached XP level 3. HP: 14/18 MP: 4/4
  1137 | D:2      | Reached skill level 7 in Stealth
  1359 | D:2      | Noticed a scorpion
  1370 | D:2      | Succumbed to a scorpion's poison

Illustrated notes

Levels and vault maps discovered:
D:1:      dpeg_arrival_subterranean_lakeside_camping, layout_rooms,
          serial_forest, infiniplex_forest_clump_small,
          infiniplex_forest_straight_2, infiniplex_forest_clump_double,
          infiniplex_forest_clump_double, infiniplex_forest_clump_curved,
          infiniplex_forest_clump_double, infiniplex_forest_fountain,
          infiniplex_forest_corner_1, st_stairs_2
D:2:      layout_loops_cross, hellmonk_ecumenical_altar_inner_sanctum,
          kennysheep_cross_room, minmay_goblin_kobold_house

Skill      XL: |  1  2  3 |
---------------+----------+-----
Stealth        | 6 7 |  7.1
Dodging        | 2 |  2.2
Fighting       | 2 |  2.0
Short Blades   | |  2.5
Throwing       | |  2.0

Action                   || total
-------------------------++-------
Melee: Dagger            ||    71
Throw: Dart              ||    10
 Stab: Sleeping          ||    11
Armor: Robe              ||     9
Dodge: Dodged            ||    35
